 Dungeon Crawl Stone Soup version 0.30-a0-393-g54b8e3be05 (webtiles) character file.

Game seed: 1776921578645057127

406 lesbiats the Ruffian (level 6, -2/62 HPs)
             Began as a Troll Fighter on Dec 6, 2022.
             Slain by a steam dragon (8 damage)
             ... on level 4 of the Dungeon.
             The game lasted 00:09:57 (3743 turns).

lesbiats the Ruffian (Troll Fighter)                Turns: 3743, Time: 00:09:57

Health: -2/62      AC:  5    Str: 25    XL:     6   Next: 56%
Magic:  5/5        EV:  8    Int:  6    God:
Gold:   161        SH:  7    Dex:  9    Spells: 5/5 levels left

rFire   . . .      SeeInvis .      - Unarmed
rCold   . . .      Faith    .    b - +0 kite shield
rNeg    . . .      Spirit   .    a - +0 robe
rPois   .          Reflect  .    (helmet restricted)
rElec   .          Harm     .    s - +0 cloak
rCorr   .          Rampage  .    (gloves unavailable)
Will    .....                    (boots unavailable)
Stlth   +.........               (no amulet)
HPRegen 1.10/turn                (no ring)
MPRegen 0.09/turn                (no ring)

@: no status effects
A: large, unfitting armour, claws 3, regeneration 1, shaggy fur 1, tough skin 1
a: no special abilities


You were on level 4 of the Dungeon.
You visited 2 branches of the dungeon, and saw 5 of its levels.

You collected 161 gold pieces.

Inventory:

Missiles
 f - 8 poisoned darts
 o - 4 large rocks
 p - a boomerang (quivered)
Armour
 a - a +0 robe (worn)
 b - a +0 kite shield (worn)
 s - a +0 cloak (worn)
Wands
 q - a wand of polymorph (8)
 r - a wand of flame (24)
Scrolls
 d - a scroll of poison {unknown}
 g - a scroll of immolation {unknown}
 i - a scroll of vulnerability {unknown}
 l - a scroll of enchant armour {unknown}
 m - a scroll of teleportation {unknown}
Potions
 c - 2 potions of might
 e - a potion of magic
 h - a potion of mutation
 j - 4 potions of curing
 k - 2 potions of brilliance
 n - a potion of cancellation {unknown}


   Skills:
 + Level 3.7 Fighting
 - Level 2.4 Dodging
 + Level 4.1 Shields
 * Level 5.2 Unarmed Combat


You had 5 spell levels left.
You didn't know any spells.
Your spell library contained the following spells:

 Spells                   Type           Power      Damage    Failure   Level
 Fireball                 Conj/Fire      0%         3d3       100%        5
 Iskenderun's Battlesphe  Conj           0%         2d6       100%        5
 Conjure Ball Lightning   Conj/Air       0%         3x3d6     100%        6
 Iron Shot                Conj/Erth      0%         9d1       100%        6
 Orb of Destruction       Conj           0%         9d5       100%        7
 Spellforged Servitor     Conj/Summ      0%         N/A       100%        7


Dungeon Overview and Level Annotations

Branches:
Dungeon (4/15)             Temple (1/1) D:4

Altars:
Ashenzari
Dithmenos
Fedhas
Gozag
Nemelex Xobeh
Okawaru
Sif Muna
Trog
Uskayaw
Vehumet
Yredelemnul
Zin
The Shining One

Shops:
D:1 :   D:4 !


Innate Abilities, Weirdness & Mutations

You are too large for most types of armour.
You have claws for hands.
Your natural rate of healing is unusually fast.
You are covered in fur. (AC +1)
You have tough skin. (AC +1)


Message History

Found a shadowy altar of Dithmenos.
Found 4 gold pieces.
Found a scimitar.
A steam dragon is nearby!
The steam dragon hisses angrily.
The steam dragon breathes steam at you. The ball of steam hits you!
You hear a shout!
You are engulfed in a cloud of scalding steam.
You hear a shout! x2
The steam dragon bites you! The steam dragon barely misses you.
You closely miss the steam dragon.
The steam dragon bites you but does no damage.
The steam dragon claws you.
You claw the steam dragon!
The steam dragon is moderately wounded.
The steam dragon bites you! You block the steam dragon's attack.
You scratch the steam dragon but do no damage.
The steam dragon is moderately wounded.
The steam dragon bites you. You block the steam dragon's attack.
You claw the steam dragon!
The steam dragon is almost dead.
The steam dragon barely misses you. The steam dragon claws you.
* * * LOW HITPOINT WARNING * * *
You barely miss the steam dragon.
The steam dragon is almost dead.
The steam dragon bites you!
* * * LOW HITPOINT WARNING * * *
The steam dragon barely misses you.
A dart slug comes into view.
You closely miss the steam dragon.
The steam dragon is almost dead.
The steam dragon breathes steam at you. The ball of steam misses you.
You scratch the steam dragon but do no damage.
The steam dragon is almost dead.
You are engulfed in a cloud of scalding steam.
* * * LOW HITPOINT WARNING * * *
The steam dragon bites you!
You die...

#.##.# # #.##.# # ##.
....)# .## #.# #.#..#
...#+ #.###.#..# #w....
#.#...#..# #......
#####.#...#.$####.......
..............ยงยง@D...#
#####.#...#..####.......
#........# #......
........##.# #.....
#.####.#.##.# ...#+ #
...#.##.# .## .###.##.#
## .. ..##.# .#
#.######w###


You could see a steam dragon and a dart slug.

Vanquished Creatures
  A black bear (D:3)
  A phantom (D:4)
  Crazy Yiuf (D:2)
  Jessica (D:2)
  Natasha (thrice) (D:2)
  Terence (D:3)
  4 adders
  A dart slug (D:3)
  3 orcs (D:3)
  5 bats
  4 endoplasms
  A giant cockroach (D:2)
  2 hobgoblins (D:2)
  4 quokkas
  4 ball pythons
  A frilled lizard (D:1)
  9 goblins
  4 kobolds
  8 rats
58 creatures vanquished.

Vanquished Creatures (others)
  4 fungi (D:2)
4 creatures vanquished.

Grand Total: 62 creatures vanquished

Notes
Turn   | Place    | Note
-------+----------+-------------------------------------------
     0 | D:1      | lesbiats the Troll Fighter began the quest for the Orb.
     0 | D:1      | Reached XP level 1. HP: 22/22 MP: 0/0
   164 | D:1      | Found Muahaoji's Book Shoppe.
   291 | D:1      | Reached XP level 2. HP: 29/29 MP: 1/1
   603 | D:2      | Noticed Jessica
   620 | D:2      | Killed Jessica
   621 | D:2      | Reached skill level 3 in Unarmed Combat
   621 | D:2      | Reached XP level 3. HP: 22/36 MP: 2/2
   933 | D:2      | Reached XP level 4. HP: 35/44 MP: 3/3
  1068 | D:2      | Found a faded altar of an unknown god.
  1076 | D:2      | Noticed Natasha
  1083 | D:2      | Killed Natasha
  1169 | D:2      | Noticed Natasha
  1174 | D:2      | Killed Natasha
  1773 | D:2      | Found a runed translucent door.
  1774 | D:2      | Noticed Crazy Yiuf
  1995 | D:2      | Noticed Natasha
  2006 | D:2      | Killed Natasha
  2007 | D:2      | Reached skill level 4 in Unarmed Combat
  2007 | D:2      | Reached XP level 5. HP: 36/53 MP: 4/4
  2158 | D:2      | Killed Crazy Yiuf
  2529 | D:3      | Found a shimmering blue altar of Sif Muna.
  2661 | D:3      | Noticed Terence
  2690 | D:3      | Killed Terence
  2780 | D:3      | Noticed a black bear
  3019 | D:3      | Killed a black bear
  3020 | D:3      | Reached XP level 6. HP: 61/61 MP: 5/5
  3020 | D:3      | Found a blossoming altar of Fedhas.
  3279 | D:3      | Found a glowing golden altar of the Shining One.
  3367 | D:4      | Noticed a steam dragon
  3430 | D:4      | Found a staircase to the Ecumenical Temple.
  3441 | Temple   | Entered the Ecumenical Temple
  3608 | D:4      | Found Vaoveun's Distillery.
  3649 | D:4      | Reached skill level 5 in Unarmed Combat
  3703 | D:4      | Found a shadowy altar of Dithmenos.
  3743 | D:4      | Slain by a steam dragon

Illustrated notes

Levels and vault maps discovered:
D:1:      dpeg_arrival_tiny_c, layout_basic, serial_shops, shop
D:2:      layout_basic, ebering_ecumenical_altar_ruins, uniq_crazy_yiuf_cottage,
          uniq_jessica, uniq_natasha
D:3:      layout_basic, nicolae_sif_muna_little_library,
          mainiacjoe_overflow_alcove_2, fedhas_altar_fruit_tree, uniq_terence
D:4:      minmay_inner_zag, layout_loops_corners, xom_redecorated,
          overflow_temple_1_default, minmay_temple_entry_water_ring,
          serial_shops, shop, gup_sewer_entry_glass, corexii_corridor_pit,
          minmay_pentangle
Temple:   hellmonk_temple_forest_ring

Skill      XL: |  1  2  3  4  5  6 |
---------------+-------------------+-----
Shields        | 3 4 |  4.1
Unarmed Combat | 3 4 5 |  5.2
Fighting       | 3 |  3.7
Dodging        | |  2.4

Action                   |  1- 3 |  4- 6 || total
-------------------------+-------+-------++-------
Melee: Unarmed           |    69 |   131 ||   200
Throw: Boomerang         |       |     7 ||     7
       Large rock        |       |     2 ||     2
  Use: Scroll            |       |     4 ||     4
Armor: Robe              |    31 |    18 ||    49
Dodge: Dodged            |    32 |    36 ||    68
Block: Kite shield       |    33 |    44 ||    77

Table legend: (Time is in decaauts)
 A = Elapsed time spent in this place.
 B = Non-inter-level travel time spent in this place.
 C = Inter-level travel time spent in this place.
 D = Time resting spent in this place.
 E = Time spent auto-exploring this place.
 F = Levels seen in this place.
 G = Mean time per level.
                   A        B        C        D        E       F      G
               +--------+--------+--------+--------+--------+-----+--------+
         Total |   3758 |   2798 |    960 |    193 |   2010 |   5 |  751.6 |
       Dungeon |   3597 |   2662 |    935 |    193 |   1884 |   4 |  899.2 |
        Temple |    160 |    135 |     25 |      0 |    126 |   1 |  160.0 |
               +--------+--------+--------+--------+--------+-----+--------+

Top non-repeatable levels by time:
     D:2: 2034 daAuts
     D:3: 916 daAuts
     D:1: 482 daAuts
     D:4: 163 daAuts
  Temple: 160 daAuts
